Arrhythmia, chaotic female vampiric Wizard ---- ---- |..---..------------------ ----- ---- ----- ------------........................|--...| |..| ----.|.|---|................----------------.-.|.....---- ---..| |....|.|...|................|.??|..|...|...|..........|.----..--- ---- --<.--|.|..(...--|--.........|+.%|..|...|...|.....>...|.......-- |..| ---...| |.|...|..|...|..-----%.|.@.|..|-|---|--.......----......| --..------.....---.-----..|...|--|((.|[%--@---|-.........|..---- --......| |.........................|...| |((.-%............-----..--- ---.......-- |.------..................|---| |((.|......--+-...|...|..| --.....--...-- --- --....--.--...----...|(((|+------..{...| |...-...|..| |......-|....| |...------|-..|......|(((|.......).....| |...|...|..| |.......|--..| ----- |...|..|...|...|-|-......--|-------------.-| |.......| ---- ---...----...--|-|..|..-|.|..................| ---...|...--- |.......|........|..|..|..|----....---------.|--...----....--- ---.--....|..#)....----..|..|%%.-....|......||.|...--- ---....-- |...||....|-..#.{.#......|..|%!.|....-...(_.||.....-- --.....| ---.---|....--..|....#.....--.-----....|......||.|....| |..--.-- |...| --.......|-.....................|---------|...-- |.----- |..-- -----.---------.---------.------ --.-- --- ---- --- --- --- --- Arrhythmia the Thaumaturge Experience level: 8 Strength: 13 Dexterity: 12 Constitution: 13 Intelligence: 18 Wisdom: 11 Charisma: 11 Health: 0(47) Energy: 114(114) AC: -4 Gold: 0 Moves: 4729 Your Inventory: Armor b - an uncursed +0 cloak of magic resistance (being worn) r - an [uncursed] +0 hard hat [dwarvish iron helm] (being worn) x - an [uncursed] +0 dwarvish mithril-coat (being worn) F - an [uncursed] +2 pair of walking shoes [low] (being worn) G - a cursed +0 small shield (being worn) I - an [uncursed] +0 pair of riding gloves of stealth [leather] (being worn) J - an [uncursed +0] pair of riding gloves [leather] K - an [uncursed +0] pair of walking shoes [low] L - an [uncursed +0] small shield M - a [cursed -5] etched helmet [helmet] N - a [blessed +0] etched helmet [helmet] O - an [uncursed +0] etched helmet [helmet] P - a [cursed +0] pair of walking shoes [low] Q - an [uncursed +0] pair of walking shoes [low] R - an [uncursed +0] small shield S - an [uncursed +0] small shield T - an [uncursed +1] etched helmet [helmet] U - an [uncursed +0] pair of walking shoes [low] V - an [uncursed +0] small shield Comestibles D - an [uncursed] Hyper Futa Mare Dick named Sun's Spear Potions f - a potion of holy water Rings d - an uncursed +1 ring of increase damage e - an uncursed ring of slow digestion (on right hand) o - a [cursed] platinum ring [of hunger] Wands c - an uncursed wand of cold (0:1) y - an [uncursed] wand of light [0:10] Tools z - an [uncursed] towel B - an [uncursed] credit card C - an [uncursed +0] pick-axe W - an [uncursed tallow] candle Spells known in the end: Name Level Category Fail Memory a - force bolt 1 attack 100% [|||||||.] b - haste self 3 escape 100% [|||||||.] Your skills at the end: Fighting Skills Weapon Skills quarterstaff [Basic / Expert] Spellcasting Skills attack spells [Basic / Expert] enchantment spells [Basic / Skilled] Final Attributes: You had sinned. Hunger level was 1285. Your alignment was -7 / 33. Monster difficulty range was 0 - 6. Level difficulty was 5. You were immune to level-drain. You were magic-protected. You were stealthy. You could fly. You could survive without air. You had slower digestion. You regenerated. Your luck was zero. Anhur was angry with you (1). You are dead. Vanquished creatures: 2 watch captains 4 watchmen a snake an ape 9 Mordor orcs 3 shriekers 6 gnome lords a gnomish wizard 3 kittens 9 dwarves a kobold shaman a rabid rat a centipede a monkey a wererat a werejackal 4 iguanas 2 acid blobs 3 coyotes a hobbit 2 giant rats 2 cave spiders a green mold 29 gnomes 2 geckos 5 jackals a fox 2 kobolds 3 goblins 3 sewer rats 2 grid bugs 3 bats 2 lichens a kobold zombie 6 newts 119 creatures vanquished. Voluntary challenges: You were an atheist. You went without food. You were illiterate. You never hit with a wielded weapon. You put on armor 14 times. You never genocided any monsters. You never polymorphed an object. You never changed form. You used no wishes. You abstained from Elbereth's help. You never encountered a bones level. You never used any Sokoban shortcuts. Dungeon overview: The Dungeons of Doom: levels 1 to 3 Level 1 a long staircase Level 2 stairs to The Gnomish Mines The Gnomish Mines: levels 3 to 5 Level 3 stairs to The Dungeons of Doom Level 5 <- You were here many shops, a temple to Anhur, a magic chest, some fountains, many trees History has recorded: On T:1 you entered the Dungeons of Doom to retrieve the Amulet of Yendor! On T:348 you advanced to experience level 2. On T:603 you reached level 2 of The Dungeons of Doom. On T:604 you advanced to experience level 3. On T:811 you advanced to experience level 4. On T:1601 you advanced to experience level 5. On T:1780 you reached level 3 of The Dungeons of Doom. On T:1857 you reached level 1 of The Gnomish Mines. On T:1960 you advanced to experience level 6. On T:2951 you reached level 2 of The Gnomish Mines. On T:2960 you advanced to experience level 7. On T:3431 you reached level 3 of The Gnomish Mines. On T:4182 you advanced to experience level 8. Latest messages: Hello Arrhythmia, the vampiric Wizard, welcome back to DynaHack! "So, Arrhythmia, you dare return to Kinojevis' general store?!" "Leave the pick-axe outside." Kinojevis hits! Kinojevis misses. Kinojevis hits! Kinojevis just misses! [HP-17=30] Kinojevis is after your hide, not your money! Besides, you don't have enough to interest her. Kinojevis hits! (4x) You die... Kinojevis takes all your possessions. Final status: Goodbye Arrhythmia the Wizard... You died in The Gnomish Mines on dungeon level 5 with 200 points, and 0 pieces of gold, after 4729 moves. You were level 8 with a maximum of 47 hit points when you died.